 Dungeon Crawl Stone Soup version 0.19.4-8-ga85b6b9 (webtiles) character file.

322 Aramant the Slasher (level 6, -13/53 HPs)
             Began as a Hill Orc Fighter on Feb 14, 2017.
             Killed from afar by a starcursed mass (14 damage)
             ... with an accursed screaming
             ... on level 1 of the Abyss.
             The game lasted 00:10:56 (2593 turns).

Aramant the Slasher (Hill Orc Fighter)              Turns: 2593, Time: 00:10:56

Health: -13/53     AC: 14    Str: 20    XL:     6   Next: 47%
Magic:  6/6        EV:  4    Int:  8    God:
Gold:   209        SH: 14    Dex: 15    Spells: 0 memorised, 5 levels left

rFire  . . .     SeeInvis .     a - +0 long sword
rCold  . . .     Gourm    .     q - +0 plate armour
rNeg   + . .     Faith    .     v - +4 shield of Morality {*Contam +Blink rN+ Dex+4}
rPois  .         Spirit   .     n - +0 helmet
rElec  .         Reflect  .     (no cloak)
rCorr  .         Harm     .     h - +0 pair of gloves
MR     .....                    (no boots)
Stlth  ..........               (no amulet)
                                (no ring)
                                (no ring)

@: no status effects
A: no striking features
a: Evoke Blink


You were on level 1 of the Abyss.
You were not hungry.

You visited 1 branch of the dungeon, and saw 4 of its levels.
You visited the Abyss 1 time.

You collected 209 gold pieces.

Inventory:

Hand Weapons
 a - a +0 long sword (weapon)
Armour
 b - a +1 scale mail
 c - a +0 shield
 h - a +0 pair of gloves (worn)
 n - a +0 helmet (worn)
 q - a +0 plate armour (worn)
 v - the +4 shield of Morality (worn) {*Contam +Blink rN+ Dex+4}
   (You found it on level 4 of the Dungeon)

   It affects your dexterity (+4).
   It protects you from negative energy.
   It lets you blink.
   It causes magical contamination when unequipped.
Wands
 p - a wand of lightning (4/15)
 u - a wand of slowing (13/48)
Scrolls
 d - a scroll of enchant armour
 g - 3 scrolls of remove curse
Potions
 e - a potion of curing
 i - a potion of lignification
 j - a potion of heal wounds
 k - a potion of mutation {unknown}
 l - a potion of brilliance {unknown}
 m - a potion of haste {unknown}
 s - a potion of flight {unknown}
Books
 t - a book of Necromancy

   Spells                             Type                      Level
   a - Pain                           Necromancy                   1
   b - Animate Skeleton               Necromancy                   1
   c - Vampiric Draining              Necromancy                   3
   d - Regeneration                   Charms/Necromancy            3
   e - Animate Dead                   Necromancy                   4
   f - Control Undead                 Necromancy                   4
Comestibles
 f - a bread ration
 o - a beef jerky
 r - a meat ration


   Skills:
 + Level 4.6 Fighting
 + Level 4.7 Long Blades
 + Level 4.4 Armour
 + Level 1.1 Dodging
 + Level 0.3 Stealth
 + Level 4.5 Shields


You had 5 spell levels left.
You didn't know any spells.

Dungeon Overview and Level Annotations

Branches:
Dungeon (4/15)
 Temple: D:4-7

Altars:
Qazlal
Uskayaw
Zin


Message History

Found a leather armour.
A starcursed mass splits.
Found a scroll labeled RUN ZEGIQU.
Found a gateway leading deeper into the Abyss.
A starcursed mass splits.
Press: ? - help, v - describe, . - travel A gateway leading deeper into the Abyss.
A chorus of shrieks assaults your mind.
Found 17 gold pieces and a potion of curing.
A starcursed mass splits. x2
A deafening chorus of shrieks assaults your mind!
A chorus of shrieks assaults your mind.
* * * LOW HITPOINT WARNING * * *
You see here an encrusted fluorescent wand.
u - a wand of slowing A starcursed mass splits.
A deafening chorus of shrieks assaults your mind!
* * * LOW HITPOINT WARNING * * *
A deafening chorus of shrieks assaults your mind!
You die...

............
............
........... ...
......... .. .....
#......# ...
.....##......##....
.............>.....
....[......@...!...
#. .?..............
#..................
#..................
...##..#.....?.###
#.....#.$....
#.XXX#.X#..#..
##..X#X#.###.. #
#...#X....


You could see 5 starcursed masses.

Vanquished Creatures
  An ogre (D:4)
  2 orc wizards (D:4)
  A worker ant (D:4)
  Robin (D:3)
  6 adders
  An ooze (D:1)
  An adder skeleton (D:4)
  3 worms
  3 dart slugs
  A leopard gecko (D:3)
  4 orcs
  5 bats
  A giant cockroach (D:1)
  12 goblins
  14 hobgoblins
  7 jackals
  A ball python (D:2)
  11 frilled lizards
  2 kobolds
  4 rats
81 creatures vanquished.

Notes
Turn   | Place    | Note
-------+----------+-------------------------------------------
     0 | D:1      | Aramant the Hill Orc Fighter began the quest for the Orb.
     0 | D:1      | Reached XP level 1. HP: 19/19 MP: 1/1
   105 | D:1      | Reached XP level 2. HP: 21/27 MP: 2/2
   458 | D:1      | Reached XP level 3. HP: 33/33 MP: 3/3
   967 | D:2      | Reached XP level 4. HP: 40/40 MP: 4/4
   981 | D:2      | Found a stormy altar of Qazlal.
  1066 | D:2      | Reached skill level 1 in Dodging
  1259 | D:2      | Found a hide-covered altar of Uskayaw.
  1259 | D:2      | Noticed a hand axe
  1260 | D:2      | Noticed a hand axe
  1324 | D:2      | Found a glowing silver altar of Zin.
  1742 | D:3      | Noticed Robin
  1750 | D:3      | Reached XP level 5. HP: 28/46 MP: 5/5
  1755 | D:3      | Killed Robin
  2392 | D:4      | Got a distressingly furry shield
  2403 | D:4      | Identified the +4 shield of Morality {*Contam +Blink rN+ Dex+4} (You found it on level 4 of the Dungeon)
  2416 | D:4      | Noticed an ogre
  2423 | D:4      | Killed an ogre
  2423 | D:4      | Reached XP level 6. HP: 27/53 MP: 6/6
  2517 | D:4      | Cast into level 1 of the Abyss (orc)
  2581 | Abyss:1  | Noticed a starcursed mass
  2592 | Abyss:1  | HP: 1/53 [starcursed mass/accursed screaming (10)]
  2593 | Abyss:1  | Killed from afar by a starcursed mass

Skill      XL: |  1  2  3  4  5 |
---------------+----------------+-----
Fighting       | 4 |  4.6
Armour         | 4 |  4.4
Long Blades    | 3 4 |  4.7
Dodging        | 1 |  1.1
Shields        | 4 |  4.5
Stealth        | |  0.3

Action                   |  1- 3 |  4- 6 || total
-------------------------+-------+-------++-------
Melee: Long sword        |   122 |   149 ||   271
  Use: Scroll            |     2 |     6 ||     8
       Potion            |       |     3 ||     3
  Eat: Bread ration      |       |     2 ||     2
Armor: Scale mail        |    51 |    21 ||    72
       Plate armour      |       |   102 ||   102
Dodge: Dodged            |    40 |    51 ||    91
Block: Shield            |    60 |   116 ||   176
       Rpst.: Long sword |    13 |    24 ||    37
